 Dungeon Crawl Stone Soup version 0.19.0-2-gae57169 (webtiles) character file.

19378 Patchouli the Thaumaturge (level 12, -8/68 HPs)
             Began as a Deep Elf Fire Elementalist on Nov 3, 2016.
             Was an Elder of Vehumet.
             Mangled by Snorg (19 damage)
             ... on level 10 of the Dungeon on Nov 4, 2016.
             The game lasted 01:04:43 (9402 turns).

Patchouli the Thaumaturge (DEFE)                    Turns: 9402, Time: 01:04:45

Health: -8/68      AC: 19    Str:  5    XL:     12   Next: 36%
Magic:  2/29       EV: 18    Int: 26    God:    Vehumet [****..]
Gold:   741        SH:  5    Dex: 15    Spells: 8 memorised, 9 levels left

rFire  + + +     SeeInvis .     a - staff of fire
rCold  . . .     Gourm    .     K - +0 steam dragon scales
rNeg   . . .     Faith    .     (no shield)
rPois  .         Spirit   .     M - +0 helmet
rElec  +         Reflect  +     F - +0 cloak of Happy Babbling {*Corrode rElec rF+++}
rCorr  +         Harm     .     l - +0 pair of gloves
MR     +....                    h - +1 pair of boots
Stlth  ++........               f - +5 amulet of reflection
                                (no ring)
                                w - ring of resist corrosion

@: icy armour, slow
A: no striking features
a: Renounce Religion


You were on level 10 of the Dungeon.
You worshipped Vehumet.
Vehumet was greatly pleased with you.
You were not hungry.

You visited 4 branches of the dungeon, and saw 16 of its levels.

You collected 741 gold pieces.

Inventory:

Hand Weapons
 e - a +0 dagger of venom
 q - a +0 dagger
 s - a +1 glaive of protection
 v - a +2 spear of venom
 B - a cursed -2 falchion
Armour
 g - a +0 robe
 h - a +1 pair of boots (worn)
 l - a +0 pair of gloves (worn)
 n - a +0 robe
 x - a +1 ring mail of fire resistance
 F - the +0 cloak of Happy Babbling (worn) {*Corrode rElec rF+++}
   (You found it on level 12 of the Dungeon)

   It renders you almost immune to fire.
   It insulates you from electricity.
   It may corrode you when you take damage.
 K - +0 steam dragon scales (worn)
 M - a +0 helmet (worn)
Magical Staves
 a - an uncursed staff of fire (weapon)
Jewellery
 f - a +5 amulet of reflection (around neck)
 r - an uncursed amulet of rage
 w - a ring of resist corrosion (left hand)
Wands
 k - a wand of iceblast (3/15)
 o - a wand of slowing (19/48)
 G - a wand of flame (20/48)
 I - a wand of iceblast (6/15)
 O - a wand of lightning (4/15)
 Q - a wand of iceblast (9/15)
 R - a wand of digging (10/24)
Scrolls
 p - 4 scrolls of remove curse
 t - 2 scrolls of identify
 y - a scroll of amnesia
 D - 2 scrolls of fog
 E - a scroll of enchant weapon
 H - 2 scrolls of recharging
Potions
 j - a potion of berserk rage
 u - 2 potions of resistance {unknown}
 C - a potion of flight
 J - a potion of curing
 L - a potion of agility
Books
 b - a book of Flames

   Spells                             Type                      Level
   a - Flame Tongue                   Conjuration/Fire             1
   b - Throw Flame                    Conjuration/Fire             2
   c - Conjure Flame                  Conjuration/Fire             3
   d - Inner Flame                    Hexes/Fire                   3
   e - Sticky Flame                   Conjuration/Fire             4
   f - Fireball                       Conjuration/Fire             5
 d - a book of Frost

   Spells                             Type                      Level
   a - Freeze                         Ice                          1
   b - Throw Frost                    Conjuration/Ice              2
   c - Ozocubu's Armour               Charms/Ice                   3
   d - Throw Icicle                   Conjuration/Ice              4
   e - Summon Ice Beast               Ice/Summoning                4
Comestibles
 c - 9 bread rations
 i - 13 fruits
 m - 7 beef jerkies
 z - 3 meat rations
 P - 2 chunks of flesh


   Skills:
 + Level 4.9 Fighting
 + Level 3.4 Armour
 * Level 9.4 Dodging
 - Level 2.4 Stealth
 * Level 11.1 Spellcasting
 * Level 10.0 Conjurations
 - Level 6.6 Hexes
 * Level 4.1 Charms
 * Level 4.8 Summonings
 * Level 10.5 Fire Magic
 * Level 5.2 Ice Magic


You had 9 spell levels left.
You knew the following spells:

 Your Spells              Type           Power        Failure   Level  Hunger
a - Flame Tongue          Conj/Fire      #####        1%          1    None
b - Shock                 Conj/Air       ####         1%          1    None
c - Conjure Flame         Conj/Fire      #######.     1%          3    None
f - Fireball              Conj/Fire      #######...   1%          5    ###....
i - Inner Flame           Hex/Fire       ######..     1%          3    None
q - Ozocubu's Armour      Chrm/Ice       #####...     1%          3    None
s - Sticky Flame          Conj/Fire      #######.     1%          4    None
u - Summon Ice Beast      Ice/Summ       #####...     8%          4    None


Dungeon Overview and Level Annotations

Branches:
Dungeon (13/15)            Temple (1/1) D:7            Lair (1/6) D:8
    Orc (1/2) D:10
 Vaults: D:13-14

Altars:
Ashenzari
Cheibriados
Dithmenos
Gozag
Kikubaaqudgha
Nemelex Xobeh
Okawaru
Trog
Vehumet
Yredelemnul

Annotations:
D:5 Menkaure
D:10 Snorg
D:11 GordonOverkill's ghost, journeyman HOBe
Lair:1 Joseph
Orc:1 Erolcha


Message History

Confirm with . or Enter, or press ? or * to list all spells.
Aiming: Fireball
Press: ? - help, Shift-Dir - straight line You feel a surge of power!
The fireball explodes!
The fireball engulfs Snorg.
Snorg is almost dead.
The fireball engulfs the orc warrior.
You kill the orc warrior!
Vehumet accepts your kill. Snorg closely misses you. Snorg barely misses you.
Snorg closely misses you.
Evoke which item? (* to show all) (? for menu, Esc to quit)
Zapping:
O - a wand of lightning {zapped: 3} (will waste charges)
Press: ? - help, Shift-Dir - straight line You hear a mighty clap of thunder!
The bolt of lightning hits Snorg.
Snorg is almost dead.
The bolt of lightning misses Snorg.
Evoking this partially-identified wand wasted a few charges.
You hear a shout!
Snorg barely misses you. Snorg claws you!!
You die...

### #### ## ##.##.#
#.#####..## ##.##.###?#
####........### #..#..###.#
#...####.###..#####....##.#
#.##....#.#.....#..#...##.#
#
##.###..##.##.#...####.###
#......##..#...##.# #....
#..###...#.#.#..#..# ###.#
###.##.##@T.)#..#...# #.#
#.###.#.#(..#..##.#.####.#
#..##.....[##Y#.###.##...#
##..#..#.#>(#o.#.##.##.[..
#......###..)Y##.#..##....
#.#.....##.#).#.#.#.##)###
#...#..###......#.#.#).#
#.##.#.#.####..)##.))###
#..###....###..[...#######


You could see Snorg (berserk).

Vanquished Creatures
  2 centaur warriors (D:12)
  2 death knights
  The ghost of moozooh the Grappler, a novice TrMo (D:10)
  An unseen horror (D:12)
  4 hill giants
  2 ugly things (D:11)
  An orc sorcerer (Orc:1)
  A manticore (D:11)
  A cyclops (D:11)
  The ghost of Mukku the Tainter, a novice SpVM (D:7)
  2 spiny frogs (Lair:1)
  Maurice (D:10)
  A centaur skeleton (D:13)
  A komodo dragon (Lair:1)
  A troll (D:11)
  2 polar bears (D:8)
  A two-headed ogre (D:10)
  2 hippogriffs
  A spriggan (D:7)
  A shadow (D:11)
  3 wyverns
  2 wraiths
  10 yaks
  A steam dragon (D:10)
  A warg (D:8)
  3 vampire mosquitoes (D:12)
  2 porcupines (Lair:1)
  3 water moccasins (Lair:1)
  2 sky beasts (D:5)
  5 orc warriors
  4 ice beasts
  An eye of draining (D:9)
  4 ogres
  2 phantoms
  7 centaurs
  A crocodile (Lair:1)
  A big kobold (D:11)
  6 bullfrogs
  A wyvern zombie (D:12)
  A wyvern skeleton (D:10)
  3 scorpions
  A jelly (D:6)
  8 killer bees
  9 wights
  2 howler monkeys
  A crimson imp (D:12)
  4 bullfrog zombies
  A centaur zombie (D:5)
  A quasit (D:12)
  4 hounds
  10 orc wizards
  9 orc priests
  Jessica (D:3)
  2 iguanas
  7 worker ants
  3 worker ant zombies
  8 adders
  7 gnolls
  2 white imps (D:8)
  A howler monkey simulacrum (D:8)
  2 worker ant simulacra (D:8)
  An ooze (D:5)
  2 dart slugs
  2 leopard geckos (D:4)
  37 orcs
  5 giant cockroaches
  5 goblins
  2 hobgoblins
  5 jackals
  6 quokkas
  A ball python (D:4)
  2 bats
  3 frilled lizards
  6 kobolds
  2 leopard gecko skeletons
  2 rats
256 creatures vanquished.

Vanquished Creatures (collateral kills)
  2 orcs (D:10)
2 creatures vanquished.

Vanquished Creatures (others)
  A centaur (D:5)
  A fungus (Lair:1)
2 creatures vanquished.

Grand Total: 260 creatures vanquished

Notes
Turn   | Place    | Note
-------+----------+-------------------------------------------
     0 | D:1      | Patchouli the Deep Elf Fire Elementalist began the quest for the Orb.
     0 | D:1      | Reached XP level 1. HP: 10/10 MP: 6/6
   162 | D:1      | Reached XP level 2. HP: 15/15 MP: 5/8
   406 | D:3      | Noticed Jessica
   418 | D:3      | Killed Jessica
   418 | D:3      | Reached XP level 3. HP: 16/19 MP: 3/10
   492 | D:4      | Learned a level 3 spell: Conjure Flame
   496 | D:4      | Noticed a phantom
   525 | D:3      | Learned a level 3 spell: Inner Flame
   621 | D:3      | Reached skill level 4 in Spellcasting
   728 | D:4      | Reached XP level 4. HP: 23/24 MP: 0/12
   872 | D:4      | Reached skill level 1 in Hexes
   935 | D:4      | Noticed an ogre
   943 | D:4      | Killed an ogre
   943 | D:4      | Reached skill level 5 in Fire Magic
   943 | D:4      | Reached XP level 5. HP: 28/28 MP: 5/13
   949 | D:4      | Learned a level 4 spell: Sticky Flame
  1034 | D:4      | Reached XP level 6. HP: 20/32 MP: 3/15
  1329 | D:5      | Entered Level 5 of the Dungeon
  1335 | D:5      | Noticed a sky beast
  1342 | D:5      | Killed a sky beast
  1342 | D:5      | Reached skill level 5 in Spellcasting
  1420 | D:5      | Noticed Menkaure
  1438 | D:5      | Found a shattered altar of Ashenzari.
  1445 | D:5      | Reached XP level 7. HP: 29/36 MP: 11/16
  1881 | D:4      | Reached skill level 1 in Fighting
  2421 | D:5      | Reached skill level 6 in Spellcasting
  2527 | D:5      | Reached skill level 5 in Conjurations
  2527 | D:5      | Reached XP level 8. HP: 25/43 MP: 2/19
  2749 | D:6      | Learned a level 5 spell: Fireball
  2872 | D:7      | Noticed Mukku's ghost (novice SpVM)
  3274 | D:7      | Killed Mukku's ghost
  3291 | D:7      | Reached skill level 5 in Dodging
  3411 | D:7      | Found a bloodstained altar of Trog.
  3447 | D:7      | Found a staircase to the Ecumenical Temple.
  3459 | Temple   | Entered the Ecumenical Temple
  3466 | Temple   | Became a worshipper of Vehumet
  3483 | D:7      | Reached skill level 5 in Hexes
  3495 | D:7      | Reached skill level 7 in Spellcasting
  3495 | D:7      | Reached XP level 9. HP: 46/49 MP: 7/21
  3658 | D:7      | Found a snail-covered altar of Cheibriados.
  3756 | D:8      | Noticed a polar bear
  3891 | D:8      | Killed a polar bear
  4128 | D:8      | Noticed a polar bear
  4159 | D:8      | Killed a polar bear
  4159 | D:8      | Reached skill level 8 in Spellcasting
  4307 | D:8      | Reached skill level 1 in Armour
  4481 | D:8      | Found a staircase to the Lair.
  4492 | Lair:1   | Entered Level 1 of the Lair of Beasts
  4625 | Lair:1   | Reached * piety under Vehumet
  4625 | Lair:1   | Offered knowledge of Shock by Vehumet.
  4631 | Lair:1   | Learned a level 1 spell: Shock
  4676 | Lair:1   | Noticed a spiny frog
  4683 | Lair:1   | Killed a spiny frog
  4683 | Lair:1   | Reached XP level 10. HP: 42/56 MP: 10/24
  4840 | Lair:1   | Noticed a spiny frog
  4864 | Lair:1   | Killed a spiny frog
  4902 | Lair:1   | Reached skill level 9 in Spellcasting
  4919 | Lair:1   | Noticed a five-headed hydra
  4964 | Lair:1   | Noticed Joseph
  5009 | D:8      | Learned a level 4 spell: Summon Ice Beast
  5138 | D:9      | Noticed a hill giant
  5151 | D:9      | Killed a hill giant
  5151 | D:9      | Reached skill level 1 in Ice Magic
  5246 | D:9      | Found an iron altar of Okawaru.
  5297 | D:10     | Entered Level 10 of the Dungeon
  5297 | D:10     | Noticed moozooh's ghost (novice TrMo)
  5622 | D:9      | Noticed a fire dragon
  5678 | D:9      | Offered knowledge of Searing Ray by Vehumet.
  5688 | D:10     | Reached ** piety under Vehumet
  5698 | D:10     | You fall through a shaft for 3 floors!
  5856 | D:13     | Reached skill level 1 in Summonings
  5925 | D:13     | Reached XP level 11. HP: 58/60 MP: 18/26
  5946 | D:13     | Noticed a hill giant
  5954 | D:13     | Killed a hill giant
  6001 | D:13     | Noticed a hill giant
  6043 | D:13     | Noticed a catoblepas
  6046 | D:13     | Noticed a centaur warrior
  6279 | D:12     | Killed an unseen horror
  6632 | D:11     | Noticed a green ugly thing
  6644 | D:11     | Noticed GordonOverkill's ghost (journeyman HOBe)
  6674 | D:12     | Reached skill level 10 in Spellcasting
  6776 | D:13     | Noticed a hill giant
  6810 | D:12     | Killed a centaur warrior
  6835 | D:12     | Noticed a centaur warrior
  6841 | D:12     | Killed a centaur warrior
  6841 | D:12     | Offered knowledge of Stone Arrow by Vehumet.
  6979 | D:12     | Got a faintly humming cloak
  6985 | D:12     | Identified the +0 cloak of Happy Babbling {*Corrode rElec rF+++} (You found it on level 12 of the Dungeon)
  7158 | D:12     | Noticed a death knight
  7164 | D:12     | Killed a death knight
  7279 | D:11     | Reached *** piety under Vehumet
  7280 | D:11     | Killed a green ugly thing
  7410 | D:11     | Reached skill level 10 in Fire Magic
  7758 | D:11     | Noticed a death knight
  7809 | D:11     | Learned a level 3 spell: Ozocubu's Armour
  7809 | D:11     | Found a shattered altar of Ashenzari.
  7826 | D:11     | Killed a death knight
  7826 | D:11     | Reached skill level 1 in Charms
  8008 | D:11     | Noticed a hill giant
  8016 | D:11     | Killed a hill giant
  8033 | D:11     | Reached XP level 12. HP: 67/67 MP: 0/28
  8300 | D:11     | Offered knowledge of Static Discharge by Vehumet.
  8623 | D:10     | Found a staircase to the Orcish Mines.
  8628 | D:10     | Reached skill level 11 in Spellcasting
  8880 | D:10     | Killed moozooh's ghost
  8880 | D:10     | Reached skill level 5 in Ice Magic
  8888 | D:10     | Noticed Maurice
  8892 | D:10     | Killed Maurice
  9061 | Orc:1    | Entered Level 1 of the Orcish Mines
  9066 | Orc:1    | Noticed Snorg
  9176 | D:10     | Reached **** piety under Vehumet
  9274 | D:10     | Reached skill level 10 in Conjurations
  9380 | Orc:1    | Noticed Erolcha
  9402 | D:10     | Mangled by Snorg

Skill      XL: |  1  2  3  4  5  6  7  8  9 10 11 12 |
---------------+-------------------------------------+-----
Fire Magic     | 4 5 6 7 8 9 10 | 10.5
Spellcasting   | 4 5 6 7 8 9 10 11 | 11.1
Conjurations   | 2 3 4 5 6 7 8 9 10 | 10.0
Hexes          | 1 2 3 5 6 |  6.6
Dodging        | 3 4 5 6 8 9 |  9.4
Fighting       | 1 2 3 4 |  4.9
Armour         | 1 2 3 |  3.4
Ice Magic      | 2 4 5 |  5.2
Summonings     | 1 4 |  4.8
Charms         | 2 4 |  4.1
Stealth        | |  2.4

Action                   |  1- 3 |  4- 6 |  7- 9 | 10-12 || total
-------------------------+-------+-------+-------+-------++-------
Melee: Unarmed           |     5 |       |       |       ||     5
       Staff             |       |     1 |     4 |    14 ||    19
       Spear             |       |       |     5 |       ||     5
 Cast: Flame Tongue      |    51 |    37 |   100 |    66 ||   254
       Conjure Flame     |       |     4 |    11 |    12 ||    27
       Inner Flame       |       |     2 |     2 |     4 ||     8
       Sticky Flame      |       |     3 |    31 |    33 ||    67
       Fireball          |       |       |    17 |   108 ||   125
       Shock             |       |       |       |    10 ||    10
       Summon Ice Beast  |       |       |       |     7 ||     7
       Ozocubu's Armour  |       |       |       |     3 ||     3
Evoke: Wand              |       |       |       |    12 ||    12
  Use: Scroll            |     6 |       |     9 |     5 ||    20
       Potion            |     1 |       |     1 |    10 ||    12
  Eat: Chunk             |       |     2 |    17 |    24 ||    43
       Royal jelly       |       |       |       |     1 ||     1
       Fruit             |       |       |       |     2 ||     2
       Pizza             |       |       |       |     2 ||     2
Armor: Robe              |     1 |     3 |     4 |    11 ||    19
       Steam dragon scal |       |       |       |     9 ||     9
Dodge: Dodged            |    16 |     7 |    48 |   113 ||   184
Block: Other             |     2 |     1 |    24 |    35 ||    62
       Reflection        |       |       |     3 |     4 ||     7
